APL (24 & UNDER)
BEAVERTON BRONZE SOULS @ MONTGOMERY GREY SOX
04/10/2027
 
TOP OF THE 1ST
Beaverton Bronze Souls batting - Pitching for Montgomery Grey Sox : RHP Calvin Snyder
Pitching: RHP Calvin Snyder
Batting: RHB Juan Becerra 0-0: Ball
1-0: Ball
2-0: Ground out U3 (Groundball, 34S)
Batting: RHB Joe Brinkman 0-0: Ball
1-0: Ball
2-0: Ball
3-0: Called Strike
3-1: Foul Ball, location: 2F
3-2: Strikes out swinging
Batting: LHB Chance Santry 0-0: Foul Ball, location: 2F
0-1: Ball
1-1: Ball
2-1: Called Strike
2-2: Fly out, F3 (Popup, 3)
Top of the 1st over - 0 run(s), 0 hit(s), 0 error(s), 0 left on base; Beaverton 0 - Montgomery 0
BOTTOM OF THE 1ST
Montgomery Grey Sox batting - Pitching for Beaverton Bronze Souls : RHP Terry Norris
Pitching: RHP Terry Norris
Batting: RHB Frederick Curtis 0-0: Ball
1-0: Ball
2-0: Called Strike
2-1: Foul Ball, location: 2F
2-2: Strikes out looking
Batting: LHB Bob Jones 0-0: Called Strike
0-1: Ball
1-1: Fly out, F7 (Flyball, 78D)
Batting: RHB Dean Bailey 0-0: Foul Ball, location: 2F
0-1: Called Strike
0-2: Foul Ball, location: 2F
0-2: Ball
1-2: Fly out, F7 (Line Drive, 78M)
Bottom of the 1st over - 0 run(s), 0 hit(s), 0 error(s), 0 left on base; Beaverton 0 - Montgomery 0
TOP OF THE 2ND
Beaverton Bronze Souls batting - Pitching for Montgomery Grey Sox : RHP Calvin Snyder
Batting: RHB Tom Hughes 0-0: Ball
1-0: Ground out 6-3 (Groundball, 6)
Batting: LHB Cristóbal Gómez 0-0: Ball
1-0: Ball
2-0: Called Strike
2-1: Ball
3-1: Called Strike
3-2: Strikes out swinging
Batting: RHB Carlos Guevara 0-0: Ball
1-0: Swinging Strike
1-1: Called Strike
1-2: Ball
2-2: Strikes out swinging
Top of the 2nd over - 0 run(s), 0 hit(s), 0 error(s), 0 left on base; Beaverton 0 - Montgomery 0
BOTTOM OF THE 2ND
Montgomery Grey Sox batting - Pitching for Beaverton Bronze Souls : RHP Terry Norris
Batting: RHB Carlos Vásquez 0-0: Ball
1-0: Swinging Strike
1-1: Ball
2-1: Foul Ball, location: 2F
2-2: Ground out 6-3 (Groundball, 6)
Batting: RHB Bryant von Bohlen 0-0: Called Strike
0-1: Fly out, F8 (Flyball, 8LM)
Batting: RHB Luis Pineda 0-0: Ball
1-0: Fly out, F8 (Line Drive, 8RM)
Bottom of the 2nd over - 0 run(s), 0 hit(s), 0 error(s), 0 left on base; Beaverton 0 - Montgomery 0
TOP OF THE 3RD
Beaverton Bronze Souls batting - Pitching for Montgomery Grey Sox : RHP Calvin Snyder
Batting: RHB Rusty Anderson 0-0: Ball
1-0: Called Strike
1-1: Ball
2-1: Ball
3-1: Called Strike
3-2: Ground out 5-3 (Groundball, 5)
Batting: SHB Alberto Sandoval 0-0: Ball
1-0: Ball
2-0: Called Strike
2-1: Ball
3-1: Base on Balls
Batting: RHB Carlos Carrillo 0-0: Called Strike
Alberto Sandoval steals 2nd base
0-1: Ball
1-1: Ball
2-1: DOUBLE (Line Drive, 78M)
Alberto Sandoval scores
Batting: RHB Juan Becerra 0-0: Called Strike
0-1: Ground out 6-3 (Groundball, 56)
Batting: RHB Joe Brinkman 0-0: Ground out 6-3 (Groundball, 6)
Top of the 3rd over - 1 run(s), 1 hit(s), 0 error(s), 1 left on base; Beaverton 1 - Montgomery 0
BOTTOM OF THE 3RD
Montgomery Grey Sox batting - Pitching for Beaverton Bronze Souls : RHP Terry Norris
Batting: LHB Gilbert Stegall 0-0: Bunted foul
0-1: Ball
1-1: Reached on error, E6 (Groundball, 6)
Batting: LHB Amlak Saitoti 0-0: Grounds into double play, 4-6-3 (Groundball, 4)
Batting: RHB Félix Guillén 0-0: Ball
1-0: Ball
2-0: Foul Ball, location: 2F
2-1: Swinging Strike
2-2: Ground out 4-3 (Groundball, 4S)
Bottom of the 3rd over - 0 run(s), 0 hit(s), 1 error(s), 0 left on base; Beaverton 1 - Montgomery 0
TOP OF THE 4TH
Beaverton Bronze Souls batting - Pitching for Montgomery Grey Sox : RHP Calvin Snyder
Batting: LHB Chance Santry 0-0: Ball
1-0: Swinging Strike
1-1: Ground out 3-1 (Groundball, 34)
Batting: RHB Tom Hughes 0-0: Called Strike
0-1: Fly out, F7 (Flyball, 7)
Batting: LHB Cristóbal Gómez 0-0: Ball
1-0: Called Strike
1-1: Ball
2-1: Foul Ball, location: 2F
2-2: Ball
3-2: Foul Ball, location: 2F
3-2: Foul Ball, location: 2F
3-2: Ground out 4-3 (Groundball, 34)
Top of the 4th over - 0 run(s), 0 hit(s), 0 error(s), 0 left on base; Beaverton 1 - Montgomery 0
BOTTOM OF THE 4TH
Montgomery Grey Sox batting - Pitching for Beaverton Bronze Souls : RHP Terry Norris
Batting: RHB Frederick Curtis 0-0: Ball
1-0: Ball
2-0: Called Strike
2-1: Foul Ball, location: 2F
2-2: Fly out, F3 (Flyball, 3D)
Batting: LHB Bob Jones 0-0: Fly out, F5 (Popup, 5)
Batting: RHB Dean Bailey 0-0: Swinging Strike
0-1: Foul Ball, location: 2F
0-2: Ball
1-2: Ball
2-2: Foul Ball, location: 2F
2-2: SINGLE (Groundball, 4MD)
Batting: RHB Carlos Vásquez 0-0: Foul Ball, location: 2F
0-1: SINGLE (Groundball, 6MD)
Dean Bailey to second
Throwing error, E8
Dean Bailey scores
Carlos Vásquez to second
Batting: RHB Bryant von Bohlen 0-0: Ball
1-0: Foul Ball, location: 2F
1-1: Swinging Strike
1-2: Ball
2-2: Strikes out swinging
Bottom of the 4th over - 1 run(s), 2 hit(s), 1 error(s), 1 left on base; Beaverton 1 - Montgomery 1
TOP OF THE 5TH
Beaverton Bronze Souls batting - Pitching for Montgomery Grey Sox : RHP Calvin Snyder
Batting: RHB Carlos Guevara 0-0: Fly out, F9 (Line Drive, 9)
Batting: RHB Rusty Anderson 0-0: Called Strike
0-1: Ball
1-1: Ground out 1-3 (Groundball, 13S)
Batting: SHB Alberto Sandoval 0-0: Called Strike
0-1: Swinging Strike
0-2: DOUBLE (Line Drive, 7LS)
Batting: RHB Carlos Carrillo 0-0: Foul Ball, location: 2F
0-1: Ball
1-1: Called Strike
1-2: Ball
2-2: Foul Ball, location: 2F
2-2: Ground out 5-3 (Groundball, 5)
Top of the 5th over - 0 run(s), 1 hit(s), 0 error(s), 1 left on base; Beaverton 1 - Montgomery 1
BOTTOM OF THE 5TH
Montgomery Grey Sox batting - Pitching for Beaverton Bronze Souls : RHP Terry Norris
Batting: RHB Luis Pineda 0-0: SINGLE (Line Drive, 5D)
Batting: LHB Gilbert Stegall 0-0: Ball
1-0: Foul Ball, location: 2F
1-1: Ball
2-1: Ball
3-1: Base on Balls
Luis Pineda to second
Batting: LHB Amlak Saitoti 0-0: Called Strike
0-1: Ball
1-1: Foul Ball, location: 2F
1-2: Ball
2-2: Strikes out looking
Batting: RHB Félix Guillén 0-0: Grounds into double play, 6-4-3 (Groundball, 6)
Bottom of the 5th over - 0 run(s), 1 hit(s), 0 error(s), 1 left on base; Beaverton 1 - Montgomery 1
TOP OF THE 6TH
Beaverton Bronze Souls batting - Pitching for Montgomery Grey Sox : RHP Calvin Snyder
Batting: RHB Juan Becerra 0-0: Called Strike
0-1: Called Strike
0-2: Ball
1-2: Hit by Pitch
Batting: RHB Joe Brinkman 0-0: Ball
1-0: Ball
2-0: Swinging Strike
2-1: Ball
3-1: Base on Balls
Juan Becerra to second
Batting: LHB Chance Santry 0-0: Fly out, F4 (Popup, 4D)
Pitching: LHP Raúl Coranillo
Batting: RHB Tom Hughes 0-0: Called Strike
0-1: Foul Ball, location: 2F
0-2: Ball
1-2: Foul Ball, location: 2F
1-2: Foul Ball, location: 2F
1-2: Ball
2-2: Ball
3-2: Foul Ball, location: 2F
3-2: Strikes out swinging
Batting: LHB Cristóbal Gómez 0-0: Ball
1-0: Ball
2-0: Swinging Strike
2-1: Foul Ball, location: 2F
2-2: SINGLE (Groundball, 4) (infield hit)
Juan Becerra to third
Joe Brinkman to second
Batting: RHB Carlos Guevara 0-0: Foul Ball, location: 2F
0-1: Fly out, F7 (Flyball, 78S)
Top of the 6th over - 0 run(s), 1 hit(s), 0 error(s), 3 left on base; Beaverton 1 - Montgomery 1
BOTTOM OF THE 6TH
Montgomery Grey Sox batting - Pitching for Beaverton Bronze Souls : RHP Terry Norris
Batting: RHB Frederick Curtis 0-0: Foul Ball, location: 2F
0-1: Ground out 5-3 (Groundball, 56)
Batting: LHB Bob Jones 0-0: Ball
1-0: Fly out, F5 (Flyball, 5D)
Batting: RHB Dean Bailey 0-0: Ball
1-0: Swinging Strike
1-1: Foul Ball, location: 2F
1-2: Strikes out looking
Bottom of the 6th over - 0 run(s), 0 hit(s), 0 error(s), 0 left on base; Beaverton 1 - Montgomery 1
TOP OF THE 7TH
Beaverton Bronze Souls batting - Pitching for Montgomery Grey Sox : LHP Raúl Coranillo
Batting: RHB Rusty Anderson 0-0: Called Strike
0-1: Ground out 5-3 (Groundball, 5L)
Pinch Hitting: RHB Chris Hall 0-0: Ball
1-0: Fly out, F8 (Flyball, 8RS)
Batting: RHB Carlos Carrillo 0-0: Ball
1-0: Ball
2-0: Called Strike
2-1: Called Strike
2-2: Foul Ball, location: 2F
2-2: Strikes out swinging
Top of the 7th over - 0 run(s), 0 hit(s), 0 error(s), 0 left on base; Beaverton 1 - Montgomery 1
BOTTOM OF THE 7TH
Montgomery Grey Sox batting - Pitching for Beaverton Bronze Souls : RHP Terry Norris
Now in CF: David Kerr
Batting: RHB Carlos Vásquez 0-0: Called Strike
0-1: Ground out 5-3 (Groundball, 56)
Batting: RHB Bryant von Bohlen 0-0: Called Strike
0-1: Called Strike
0-2: Ball
1-2: Ball
2-2: DOUBLE (Line Drive, 9D)
Pinch Hitting: SHB Joe Pierce 0-0: Swinging Strike
0-1: Ball
1-1: Ball
2-1: Ball
3-1: Base on Balls
Pitching: RHP Ben Hepworth
Batting: LHB Gilbert Stegall 0-0: Ball
1-0: Called Strike
1-1: Fly out, F2 (Popup, 2L)
Batting: LHB Amlak Saitoti 0-0: Called Strike
0-1: Foul Ball, location: 2F
0-2: Ground out 3-1 (Groundball, 34S)
Bottom of the 7th over - 0 run(s), 1 hit(s), 0 error(s), 2 left on base; Beaverton 1 - Montgomery 1
TOP OF THE 8TH
Beaverton Bronze Souls batting - Pitching for Montgomery Grey Sox : LHP Raúl Coranillo
Now in RF: Joe Pierce
Batting: RHB Juan Becerra 0-0: Ball
1-0: Ground out 5-3 (Groundball, 56S)
Batting: RHB Joe Brinkman 0-0: Called Strike
0-1: Foul Ball, location: 2F
0-2: Ball
1-2: Ball
2-2: Ball
3-2: Strikes out looking
Batting: LHB Chance Santry 0-0: Ball
1-0: Swinging Strike
1-1: Foul Ball, location: 2F
1-2: Strikes out swinging
Top of the 8th over - 0 run(s), 0 hit(s), 0 error(s), 0 left on base; Beaverton 1 - Montgomery 1
BOTTOM OF THE 8TH
Montgomery Grey Sox batting - Pitching for Beaverton Bronze Souls : RHP Ben Hepworth
Batting: RHB Félix Guillén 0-0: Ball
1-0: Foul Ball, location: 2F
1-1: Ground out 4-3 (Groundball, 4)
Batting: RHB Frederick Curtis 0-0: Ball
1-0: Ground out 5-3 (Groundball, 56S)
Batting: LHB Bob Jones 0-0: Ball
1-0: Ball
2-0: Fly out, F8 (Flyball, 8LD)
Bottom of the 8th over - 0 run(s), 0 hit(s), 0 error(s), 0 left on base; Beaverton 1 - Montgomery 1
TOP OF THE 9TH
Beaverton Bronze Souls batting - Pitching for Montgomery Grey Sox : LHP Raúl Coranillo
Pitching: RHP Brian Barker
Batting: RHB Tom Hughes 0-0: Ball
1-0: Ball
2-0: Ball
3-0: Base on Balls
Batting: LHB Cristóbal Gómez 0-0: Foul Ball, location: 2F
0-1: Ball
1-1: Ball
2-1: Called Strike
2-2: Foul Ball, location: 2F
2-2: Foul Ball, location: 2F
2-2: Ball
3-2: Fly out, F6 (Popup, 4MS)
Batting: RHB Carlos Guevara 0-0: Fly out, F8 (Line Drive, 8RM)
Pinch Hitting: SHB Dawson Fowler 0-0: Ball
1-0: Swinging Strike
1-1: DOUBLE (Line Drive, 7LM)
Tom Hughes to third
Runner from 3rd tries for Home, SAFE, no throw
Pinch Hitting: LHB Luis Aragón 0-0: Called Strike
0-1: Foul Ball, location: 2F
0-2: Ball
1-2: Strikes out looking
Top of the 9th over - 1 run(s), 1 hit(s), 0 error(s), 1 left on base; Beaverton 2 - Montgomery 1
BOTTOM OF THE 9TH
Montgomery Grey Sox batting - Pitching for Beaverton Bronze Souls : RHP Ben Hepworth
Pitching: LHP Mike Stevens
Now at 1B: José Dávila
Now in LF: Dawson Fowler
Batting: RHB Dean Bailey 0-0: Ball
1-0: Called Strike
1-1: Ground out 6-3 (Groundball, 6)
Batting: RHB Carlos Vásquez 0-0: DOUBLE (Flyball, 9D)
Batting: RHB Bryant von Bohlen 0-0: Foul Ball, location: 2F
0-1: Foul Ball, location: 2F
0-2: Strikes out swinging
Batting: SHB Joe Pierce 0-0: Ball
1-0: Foul Ball, location: 2F
1-1: Ball
2-1: Ground out 5-3 (Groundball, 5)
Bottom of the 9th over - 0 run(s), 1 hit(s), 0 error(s), 1 left on base; Beaverton 2 - Montgomery 1
Thursday, March 30th, 2017 - OOTP Baseball 17.12 Build 75